% Time on Ice - SAN FRANCISCO SPIDERS
Lines # - Real PCT - Wanted PCT - Time Play
Normal Forward
1 - 30% - 30% - 15:02
2 - 31% - 30% - 15:28
3 - 20% - 20% - 10:12
4 - 20% - 20% - 10:00
Normal Defense
1 - 34% - 34% - 17:15
2 - 32% - 33% - 16:13
3 - 34% - 32% - 17:14
4 - 0% - 1% - 0:00
PP Forward
1 - 50% - 55% - 1:00
2 - 50% - 45% - 0:59
PP Defense
1 - 50% - 55% - 0:59
2 - 50% - 45% - 1:00
PK Forward
1 - 66% - 55% - 3:30
2 - 34% - 45% - 1:50
PK Defense
1 - 43% - 55% - 2:18
2 - 57% - 45% - 3:02
PK3 Forward
1 - 0% - 55%
2 - 0% - 45%
PK3 Defense
1 - 0% - 55%
2 - 0% - 45%
44 Forward
1 - 86% - 55% - 1:42
2 - 14% - 45% - 0:17
44 Defense
1 - 51% - 55% - 1:01
2 - 49% - 45% - 0:58
Last Minute Offensive  - 0:00
Last Minute Defensive  - 0:00
Total
Forward - 60:00
Defense - 60:00
% Time on Ice - LONG BEACH BARACUDAS
Lines # - Real PCT - Wanted PCT - Time Play
Normal Forward
1 - 39% - 40% - 19:56
2 - 31% - 30% - 15:35
3 - 20% - 20% - 9:55
4 - 10% - 10% - 5:16
Normal Defense
1 - 41% - 40% - 20:42
2 - 30% - 30% - 15:20
3 - 19% - 20% - 9:45
4 - 10% - 10% - 4:55
PP Forward
1 - 49% - 51% - 2:36
2 - 51% - 49% - 2:44
PP Defense
1 - 29% - 55% - 1:32
2 - 71% - 45% - 3:48
PK Forward
1 - 82% - 55% - 1:38
2 - 18% - 45% - 0:21
PK Defense
1 - 24% - 55% - 0:28
2 - 76% - 45% - 1:31
PK3 Forward
1 - 0% - 55%
2 - 0% - 45%
PK3 Defense
1 - 0% - 55%
2 - 0% - 45%
44 Forward
1 - 60% - 55% - 1:11
2 - 40% - 45% - 0:48
44 Defense
1 - 60% - 55% - 1:11
2 - 40% - 45% - 0:48
Last Minute Offensive  - 0:00
Last Minute Defensive  - 0:00
Total
Forward - 60:00
Defense - 60:00
Play-by-Play 1st period 0:01 of 1st period - Brock Nelson wins face-off versus Danton Heinen in neutral zone. 0:14 of 1st period - Shot by Steven Stamkos. 0:14 of 1st period - Shot Blocked by Nate Schmidt. 0:16 of 1st period - Shot by Brock Nelson. 0:16 of 1st period - Shot Blocked by Nate Schmidt. 0:18 of 1st period - Shot by Alex Pietrangelo. 0:18 of 1st period - Stopped by Igor Shesterkin without a rebound. 0:19 of 1st period - Alexander True wins face-off versus Derek Stepan in SAN FRANCISCO SPIDERS zone. 1:05 of 1st period - Icing by Zachary Werenski. 1:06 of 1st period - Erik Haula wins face-off versus Derek Stepan in LONG BEACH BARACUDAS zone. 1:11 of 1st period - Shot by Alexander Kerfoot. 1:11 of 1st period - Stopped by Jonathan Quick without a rebound. 1:12 of 1st period - Calle Jarnkrok wins face-off versus Alexander Wennberg in LONG BEACH BARACUDAS zone. 1:12 of 1st period - Calle Jarnkrok is hit by Brandon Montour. 1:18 of 1st period - Shot by Dominik Kahun. 1:18 of 1st period - Shot Misses the Net. 1:32 of 1st period - Shot by Loui Eriksson. 1:32 of 1st period - Stopped by Igor Shesterkin without a rebound. 1:33 of 1st period - Erik Haula wins face-off versus Brock Nelson in SAN FRANCISCO SPIDERS zone. 1:35 of 1st period - Icing by Alexander Kerfoot. 1:36 of 1st period - Erik Haula wins face-off versus Brock Nelson in SAN FRANCISCO SPIDERS zone. 1:36 of 1st period - Alex Chiasson is hit by Steven Stamkos and loses puck. 1:49 of 1st period - Brock Nelson is hit by Alex Chiasson and loses puck. 1:57 of 1st period - Icing by Taylor Hall. 1:58 of 1st period - Brock Nelson wins face-off versus Danton Heinen in LONG BEACH BARACUDAS zone. 1:58 of 1st period - Brock Nelson is hit by Milan Lucic. 2:14 of 1st period - Darnell Nurse is hit by Taylor Hall. 2:53 of 1st period - Icing by Brandon Montour. 2:54 of 1st period - Pierre-Edouard Bellemare wins face-off versus Kirby Dach in LONG BEACH BARACUDAS zone. 2:54 of 1st period - Jack Roslovic is hit by Alexander True and loses puck. 3:00 of 1st period - Minor Penalty to Alexander True for Roughing. 3:01 of 1st period - Brock Nelson wins face-off versus Danton Heinen in SAN FRANCISCO SPIDERS zone. 3:42 of 1st period - Shot by Brock Nelson. 3:42 of 1st period - Shot Blocked by Nate Schmidt. 4:04 of 1st period - Shot by Taylor Hall. 4:04 of 1st period - Shot Misses the Net. 4:06 of 1st period - Shot by Taylor Hall. 4:06 of 1st period - Stopped by Igor Shesterkin without a rebound. 4:07 of 1st period - Steven Stamkos wins face-off versus Alexander Kerfoot in SAN FRANCISCO SPIDERS zone. 4:08 of 1st period - Shot by Alex Pietrangelo. 4:08 of 1st period - Shot Misses the Net. 4:20 of 1st period - Shot by Steven Stamkos. 4:20 of 1st period - Shot Misses the Net. 4:22 of 1st period - Shot by Taylor Hall. 4:22 of 1st period - Goal by Taylor Hall - SAN FRANCISCO SPIDERS : 0 - LONG BEACH BARACUDAS : 1. 4:23 of 1st period - Pierre-Edouard Bellemare wins face-off versus Kirby Dach in neutral zone. 4:33 of 1st period - Icing by Jordan Oesterle. 4:34 of 1st period - Derek Stepan wins face-off versus Kirby Dach in SAN FRANCISCO SPIDERS zone. 4:58 of 1st period - Shot by Kyle Palmieri. 4:58 of 1st period - Stopped by Igor Shesterkin with a rebound. 5:40 of 1st period - Shot by Calle Jarnkrok. 5:40 of 1st period - Stopped by Jonathan Quick without a rebound. 5:41 of 1st period - Brock Nelson wins face-off versus Erik Haula in LONG BEACH BARACUDAS zone. 5:50 of 1st period - Shot by Taylor Hall. 5:50 of 1st period - Shot Misses the Net. 6:20 of 1st period - Shot by Steven Stamkos. 6:20 of 1st period - Shot Misses the Net. 6:22 of 1st period - Shot by Taylor Hall. 6:22 of 1st period - Stopped by Igor Shesterkin with a rebound. 7:02 of 1st period - Icing by Darnell Nurse. 7:03 of 1st period - Derek Stepan wins face-off versus Danton Heinen in SAN FRANCISCO SPIDERS zone. 8:13 of 1st period - Icing by Zachary Werenski. 8:14 of 1st period - Derek Stepan wins face-off versus Kirby Dach in LONG BEACH BARACUDAS zone. 8:14 of 1st period - Derek Stepan is hit by Alexander True. 8:28 of 1st period - Tyler Myers is hit by Taylor Hall and loses puck. 8:34 of 1st period - Taylor Hall is hit by Tyler Myers and loses puck. 8:39 of 1st period - Shot by Taylor Hall. 8:39 of 1st period - Deflect By Steven Stamkos. 8:39 of 1st period - Stopped by Igor Shesterkin without a rebound. 8:40 of 1st period - Mikael Granlund wins face-off versus Erik Haula in SAN FRANCISCO SPIDERS zone. 8:45 of 1st period - Shot by Alexander Wennberg. 8:45 of 1st period - Stopped by Igor Shesterkin without a rebound. 8:46 of 1st period - Brock Nelson wins face-off versus Dominik Kahun in SAN FRANCISCO SPIDERS zone. 8:49 of 1st period - Shot by Brock Nelson. 8:49 of 1st period - Shot Misses the Net. 9:20 of 1st period - Shot by Taylor Hall. 9:20 of 1st period - Shot Misses the Net. 9:49 of 1st period - Off-side. 9:50 of 1st period - Alexander Wennberg wins face-off versus Danton Heinen in neutral zone. 10:57 of 1st period - Minor Penalty to Alexander True for Interference. 10:58 of 1st period - Brock Nelson wins face-off versus Danton Heinen in SAN FRANCISCO SPIDERS zone. 11:15 of 1st period - Shot by J.T. Compher. 11:15 of 1st period - Shot Misses the Net. 11:17 of 1st period - Shot by Kyle Palmieri. 11:17 of 1st period - Deflect By Brock Nelson. 11:17 of 1st period - Shot Hit the Post. 11:19 of 1st period - Shot by Brock Nelson. 11:19 of 1st period - Stopped by Igor Shesterkin without a rebound. 11:20 of 1st period - Milan Lucic wins face-off versus Steven Stamkos in SAN FRANCISCO SPIDERS zone. 11:34 of 1st period - Icing by Zachary Werenski. 11:35 of 1st period - Steven Stamkos wins face-off versus Danton Heinen in LONG BEACH BARACUDAS zone. 11:41 of 1st period - Off-side. 11:42 of 1st period - Brock Nelson wins face-off versus Milan Lucic in neutral zone. 11:49 of 1st period - Erik Haula is hit by Kyle Palmieri and loses puck. 11:58 of 1st period - Shot by J.T. Compher. 11:58 of 1st period - Shot Misses the Net. 12:00 of 1st period - Shot by Alex Pietrangelo. 12:00 of 1st period - Shot Blocked by Nate Schmidt. 12:02 of 1st period - Shot by Alex Pietrangelo. 12:02 of 1st period - Stopped by Igor Shesterkin with a rebound. 12:04 of 1st period - Shot by Brock Nelson. 12:04 of 1st period - Shot Misses the Net. 12:20 of 1st period - Shot by Brock Nelson. 12:20 of 1st period - Shot Blocked by Danton Heinen. 12:22 of 1st period - Shot by J.T. Compher. 12:22 of 1st period - Stopped by Igor Shesterkin without a rebound. 12:23 of 1st period - Danton Heinen wins face-off versus Steven Stamkos in SAN FRANCISCO SPIDERS zone. 12:57 of 1st period - Shot by Steven Stamkos. 12:57 of 1st period - Deflect By Pierre-Edouard Bellemare. 12:57 of 1st period - Stopped by Igor Shesterkin with a rebound. 13:57 of 1st period - Shot by Alexander Kerfoot. 13:57 of 1st period - Stopped by Jonathan Quick without a rebound. 13:58 of 1st period - Brock Nelson wins face-off versus Dominik Kahun in LONG BEACH BARACUDAS zone. 14:09 of 1st period - Icing by Zachary Werenski. 14:10 of 1st period - Brock Nelson wins face-off versus Erik Haula in LONG BEACH BARACUDAS zone. 14:25 of 1st period - Alexander Kerfoot is hit by Michael Del Zotto and loses puck. 15:31 of 1st period - Shot by Andrei Svechnikov. 15:31 of 1st period - Shot Blocked by Michael Del Zotto. 16:55 of 1st period - Shot by Dominik Kahun. 16:55 of 1st period - Shot Misses the Net. 16:57 of 1st period - Shot by Dominik Simon. 16:57 of 1st period - Goal by Dominik Simon - SAN FRANCISCO SPIDERS : 1 - LONG BEACH BARACUDAS : 1. 16:58 of 1st period - Alexander Wennberg wins face-off versus Erik Haula in neutral zone. 17:00 of 1st period - Off-side. 17:01 of 1st period - Calle Jarnkrok wins face-off versus Alexander Wennberg in neutral zone. 17:15 of 1st period - Shot by Dominik Kahun. 17:15 of 1st period - Shot Misses the Net. 17:17 of 1st period - Shot by Michael Stone. 17:17 of 1st period - Shot Misses the Net. 17:37 of 1st period - Shot by Calle Jarnkrok. 17:37 of 1st period - Stopped by Jonathan Quick without a rebound. 17:38 of 1st period - Brock Nelson wins face-off versus Erik Haula in LONG BEACH BARACUDAS zone. 17:38 of 1st period - Brock Nelson is hit by Erik Haula. 17:51 of 1st period - Steven Stamkos is hit by Darnell Nurse and loses puck. 18:33 of 1st period - Shot by Kyle Palmieri. 18:33 of 1st period - Shot Misses the Net. 18:35 of 1st period - Shot by Kyle Palmieri. 18:35 of 1st period - Stopped by Igor Shesterkin without a rebound. 18:36 of 1st period - Kirby Dach wins face-off versus Alexander Wennberg in SAN FRANCISCO SPIDERS zone. 18:36 of 1st period - Kirby Dach is hit by Mikael Granlund. 19:12 of 1st period - Shot by Nico Sturm. 19:12 of 1st period - Deflect By Kirby Dach. 19:12 of 1st period - Stopped by Jonathan Quick with a rebound. 19:14 of 1st period - Shot by Nico Sturm. 19:14 of 1st period - Stopped by Jonathan Quick without a rebound. 19:15 of 1st period - Derek Stepan wins face-off versus Danton Heinen in LONG BEACH BARACUDAS zone. 19:19 of 1st period - Alex Pietrangelo is hit by Andrei Svechnikov and loses puck. 19:24 of 1st period - Tyler Myers is hit by Derek Stepan and loses puck. 19:58 of 1st period - Shot by J.T. Compher. 19:58 of 1st period - Shot Blocked by Michael Stone. Goals for this period are 1 for SAN FRANCISCO SPIDERS vs 1 for LONG BEACH BARACUDAS. Shots for this period are 7 for SAN FRANCISCO SPIDERS vs 13 for LONG BEACH BARACUDAS. 2nd period 0:01 of 2nd period - Steven Stamkos wins face-off versus Kirby Dach in neutral zone. 0:06 of 2nd period - Icing by Nico Sturm. 0:07 of 2nd period - Taylor Hall wins face-off versus Kirby Dach in SAN FRANCISCO SPIDERS zone. 0:08 of 2nd period - Shot by Brock Nelson. 0:08 of 2nd period - Shot Blocked by Darnell Nurse. 0:16 of 2nd period - Shot by Brock Nelson. 0:16 of 2nd period - Stopped by Igor Shesterkin without a rebound. 0:17 of 2nd period - Brock Nelson wins face-off versus Danton Heinen in SAN FRANCISCO SPIDERS zone. 0:46 of 2nd period - Icing by Nate Schmidt. 0:47 of 2nd period - Derek Stepan wins face-off versus Danton Heinen in SAN FRANCISCO SPIDERS zone. 0:52 of 2nd period - Shot by Kyle Palmieri. 0:52 of 2nd period - Stopped by Igor Shesterkin without a rebound. 0:53 of 2nd period - Derek Stepan wins face-off versus Kirby Dach in SAN FRANCISCO SPIDERS zone. 0:53 of 2nd period - Kyle Palmieri is hit by Darnell Nurse. 0:56 of 2nd period - Icing by Nico Sturm. 0:57 of 2nd period - Kirby Dach wins face-off versus Brock Nelson in SAN FRANCISCO SPIDERS zone. 0:57 of 2nd period - Kirby Dach is hit by Brock Nelson. 2:21 of 2nd period - Shot by Alex Pietrangelo. 2:21 of 2nd period - Stopped by Igor Shesterkin with a rebound. 2:55 of 2nd period - Loui Eriksson is hit by Calle Jarnkrok and loses puck. 3:02 of 2nd period - Shot by Zachary Werenski. 3:02 of 2nd period - Shot Misses the Net. 3:04 of 2nd period - Shot by Zachary Werenski. 3:04 of 2nd period - Shot Misses the Net. 3:06 of 2nd period - Shot by Loui Eriksson. 3:06 of 2nd period - Shot Misses the Net. 3:08 of 2nd period - Shot by Loui Eriksson. 3:08 of 2nd period - Shot Misses the Net. 4:05 of 2nd period - Shot by Steven Stamkos. 4:05 of 2nd period - Shot Blocked by Michael Stone. 4:07 of 2nd period - Shot by Steven Stamkos. 4:07 of 2nd period - Stopped by Igor Shesterkin without a rebound. 4:08 of 2nd period - Milan Lucic wins face-off versus Kyle Palmieri in SAN FRANCISCO SPIDERS zone. 4:33 of 2nd period - Shot by Kyle Palmieri. 4:33 of 2nd period - Shot Misses the Net. 4:35 of 2nd period - Shot by Ron Hainsey. 4:35 of 2nd period - Shot Blocked by Nate Schmidt. 4:37 of 2nd period - Shot by Kyle Palmieri. 4:37 of 2nd period - Shot Misses the Net. 5:51 of 2nd period - Nate Schmidt is hit by Taylor Hall and loses puck. 6:46 of 2nd period - Shot by Pierre-Edouard Bellemare. 6:46 of 2nd period - Stopped by Igor Shesterkin without a rebound. 6:47 of 2nd period - Alexander Wennberg wins face-off versus Erik Haula in SAN FRANCISCO SPIDERS zone. 6:56 of 2nd period - Shot by Alexander Kerfoot. 6:56 of 2nd period - Stopped by Jonathan Quick without a rebound. 6:57 of 2nd period - Derek Stepan wins face-off versus Kirby Dach in LONG BEACH BARACUDAS zone. 7:40 of 2nd period - Shot by J.T. Compher. 7:40 of 2nd period - Shot Blocked by Darnell Nurse. 8:12 of 2nd period - Icing by J.T. Compher. 8:13 of 2nd period - Danton Heinen wins face-off versus Kyle Palmieri in LONG BEACH BARACUDAS zone. 8:52 of 2nd period - Shot by Andrei Svechnikov. 8:52 of 2nd period - Stopped by Jonathan Quick without a rebound. 8:53 of 2nd period - Kirby Dach wins face-off versus Brock Nelson in LONG BEACH BARACUDAS zone. 9:31 of 2nd period - Icing by Taylor Hall. 9:32 of 2nd period - Calle Jarnkrok wins face-off versus Brock Nelson in LONG BEACH BARACUDAS zone. 9:38 of 2nd period - Icing by Steven Stamkos. 9:39 of 2nd period - Brock Nelson wins face-off versus Milan Lucic in LONG BEACH BARACUDAS zone. 9:56 of 2nd period - Minor Penalty to Taylor Hall for Roughing. 9:56 of 2nd period - Minor Penalty to Milan Lucic for Holding. 9:57 of 2nd period - Alexander Wennberg wins face-off versus Kirby Dach in neutral zone. 11:04 of 2nd period - Shot by Dan